 Dungeon Crawl Stone Soup version 0.25.1-9-gc5326a611f (webtiles) character file.

Game seed: 11356133718150241885

1580098 DeepDeath the Conqueror (level 27, 273/273 HPs)
             Began as a Minotaur Assassin on May 9, 2021.
             Was the Champion of the Shining One.
             Escaped with the Orb
             ... and 3 runes on May 12, 2021!
             The game lasted 07:49:13 (92570 turns).

DeepDeath the Conqueror (Minotaur Assassin)        Turns: 92570, Time: 07:49:13

Health: 273/273    AC: 45    Str: 19 (20) XL:     27
Magic:  35/35      EV: 31    Int: 10      God:    the Shining One [******]
Gold:   7228       SH:  0    Dex: 26 (27) Spells: 28/38 levels left

rFire    + + +     SeeInvis +   w - +5 triple sword (vorpal)
rCold    + + +     Gourm    .   (shield currently unavailable)
rNeg     + + +     Faith    .   T - +9 ice dragon scales
rPois    +         Spirit   .   n - +4 hat of Kuifuon {rF++ rC+ Stlth+}
rElec    +         Reflect  .   C - +2 cloak {rPois}
rCorr    +         Harm     .   Y - +2 pair of gloves of Day {rElec rF++}
MR       +++++                  N - +2 pair of boots {run}
Stlth    +.........             W - amulet of the acrobat
HPRegen  0.55/turn              Q - ring "Ruit" {MR+++ Int+2 Dex+3 SInv Stlth-}
MPRegen  0.24/turn              r - ring of Averakk {+Inv rCorr Dex+5 Stlth+}

@: hasted, glowing, very quick
A: retaliatory headbutt, horns 2, deterioration 1, dopey 1
0: Orb of Zot
}: 3/15 runes: decaying, silver, gossamer
a: Divine Shield, Cleansing Flame, Summon Divine Warrior, Brand Weapon With Holy
Wrath, Renounce Religion, Evoke Invisibility


You escaped.
You worshipped the Shining One.
The Shining One was exalted by your worship.
You were very full.

You visited 11 branches of the dungeon, and saw 53 of its levels.
You also visited: Trove and Ice Cave.

You collected 9603 gold pieces.
You spent 2375 gold pieces at shops.

Inventory:

Hand Weapons
 d - a +4 great sword of holy wrath
 e - a +3 great sword of electrocution
 f - the +6 great sword of Wrongful Imprisonment {freeze, Dex+3}
   (Okawaru gifted it to you on level 15 of the Dungeon)

   It has been specially enchanted to freeze those struck by it, causing extra
   injury to most foes and up to half again as much damage against particularly
   susceptible opponents.
   It can also slow down cold-blooded creatures.
   It affects your dexterity (+3).
 s - a +5 great sword of flaming
 w - a +5 vorpal triple sword (weapon)
 S - a +2 triple sword of venom
Missiles
 A - 31 javelins (quivered)
 D - 5 datura-tipped darts
 G - 5 curare-tipped darts
 Z - 22 silver javelins
Armour
 n - the +4 hat of Kuifuon (worn) {rF++ rC+ Stlth+}
   (Okawaru gifted it to you on level 3 of the Vaults)

   It greatly protects you from fire.
   It protects you from cold.
   It makes you more stealthy.
 C - a +2 cloak of poison resistance (worn)
 N - a +2 pair of boots of running (worn)
 T - +9 ice dragon scales (worn)
 Y - the +2 pair of gloves of Day (worn) {rElec rF++}
   (You acquired it on level 2 of the Elven Halls)

   It greatly protects you from fire.
   It insulates you from electricity.
Jewellery
 r - the ring of Averakk (right hand) {+Inv rCorr Dex+5 Stlth+}
   (You took it off a deep elf demonologist on level 3 of the Elven Halls)

   [ring of resist corrosion]

   It affects your dexterity (+5).
   It lets you turn invisible.
   It provides partial protection from all sources of acid and corrosion.
   It makes you more stealthy.
 M - an uncursed amulet of reflection
 Q - the ring "Ruit" (left hand) {MR+++ Int+2 Dex+3 SInv Stlth-}
   (You found it on level 1 of the Vaults)

   [ring of see invisible]

   It affects your intelligence (+2).
   It affects your dexterity (+3).
   It affects your resistance to hostile enchantments.
   It lets you see invisible.
   It makes you less stealthy.
 W - an amulet of the acrobat (around neck)
Wands
 a - a wand of paralysis (31)
 o - a wand of disintegration (46)
 q - a wand of iceblast (57)
 B - a wand of acid (39)
 E - a wand of digging (23)
Scrolls
 i - 19 scrolls of identify
 m - 24 scrolls of remove curse
 v - 3 scrolls of fear
 x - 8 scrolls of blinking
 z - 3 scrolls of enchant armour
 F - 3 scrolls of magic mapping
 H - 3 scrolls of holy word
 K - a scroll of brand weapon
 L - a scroll of summoning
 O - 3 scrolls of noise
 R - 18 scrolls of teleportation
 U - 3 scrolls of silence
 X - 10 scrolls of fog
Potions
 b - 8 potions of heal wounds
 c - 17 potions of curing
 g - a potion of haste
 j - 3 potions of resistance
 k - 5 potions of cancellation
 p - 7 potions of mutation
 t - 6 potions of might
 u - 4 potions of berserk rage
 J - 8 potions of flight
 V - 7 potions of ambrosia
Miscellaneous
 h - a phial of floods
 I - 7 phantom mirrors
 P - a lightning rod (4/4)
Comestibles
 y - 63 rations


   Skills:
 O Level 27 Fighting
   Level 6.0(16.7) Short Blades
 - Level 24.7(25.0) Long Blades
 + Level 16.2 Throwing
 O Level 27 Armour
 * Level 24.2 Dodging
 - Level 5.0 Stealth
 + Level 6.4 Spellcasting
 + Level 5.4 Charms
 - Level 8.0 Translocations
 + Level 3.0 Air Magic
 + Level 18.1 Invocations
 - Level 10.0 Evocations


You had 28 spell levels left.
You knew the following spells:

 Your Spells              Type           Power        Failure   Level  Hunger
a - Apportation           Tloc           ###...       1%          1    None
b - Blink                 Tloc           N/A          1%          2    ##.....
c - Infusion              Chrm           ##..         3%          1    None
g - Shroud of Golubria    Chrm/Tloc      ###...       3%          2    ##.....
n - Swiftness             Chrm/Air       ##......     9%          2    ##.....
s - Song of Slaying       Chrm           ##......     5%          2    ##.....

Your spell library contained the following spells:

 Spells                   Type           Power        Failure   Level  Hunger
 Gell's Gravitas          Tloc           ###.......   3%          3    ###....
 Lesser Beckoning         Tloc           ###.......   3%          3    ###....
 Teleport Other           Tloc           ###.....     3%          3    ###....
 Shock                    Conj/Air       #...         19%         1    None
 Recall                   Summ/Tloc      N/A          21%         3    ###....
 Corpse Rot               Necr/Air       N/A          28%         2    ##.....
 Poisonous Vapours        Pois/Air       #.....       28%         2    ##.....
 Animate Skeleton         Necr           N/A          34%         1    None
 Corona                   Hex            #......      34%         1    None
 Foxfire                  Conj/Fire      #...         34%         1    None
 Freeze                   Ice            #...         34%         1    None
 Magic Dart               Conj           #...         34%         1    None
 Pain                     Necr           #...         34%         1    None
 Sting                    Tmut/Pois      #...         34%         1    None
 Summon Butterflies       Summ           #.......     34%         1    None
 Summon Small Mammal      Summ           #...         34%         1    None
 Ozocubu's Armour         Chrm/Ice       #.......     34%         3    ###....
 Spectral Weapon          Hex/Chrm       #.......     34%         3    ###....
 Call Imp                 Summ           #.......     45%         2    ##.....
 Passwall                 Tmut/Erth      #.......     45%         2    ##.....
 Slow                     Hex            #.......     45%         2    ##.....
 Sublimation of Blood     Necr           #.........   45%         2    ##.....
 Static Discharge         Conj/Air       #.......     50%         3    ###....
 Mephitic Cloud           Conj/Pois/Air  #.......     56%         3    ###....
 Airstrike                Air            #.........   67%         4    ####...
 Call Canine Familiar     Summ           #.......     71%         3    ###....
 Confusing Touch          Hex            #.......     71%         3    ###....
 Conjure Flame            Conj/Fire      #.......     71%         3    ###....
 Frozen Ramparts          Ice            #.....       71%         3    ###....
 Ignite Poison            Fire/Tmut/Pois #.......     71%         3    ###....
 Inner Flame              Hex/Fire       #.......     71%         3    ###....
 Stone Arrow              Conj/Erth      #.....       71%         3    ###....
 Summon Guardian Golem    Hex/Summ       #.......     71%         3    ###....
 Tukima's Dance           Hex            #.......     71%         3    ###....
 Summon Lightning Spire   Summ/Air       #.......     88%         4    ####...
 Summon Forest            Summ/Tloc      ##........   88%         5    ######.
 Excruciating Wounds      Chrm/Necr      #.........   97%         5    ######.
 Animate Dead             Necr           N/A          98%         4    ####...
 Dispel Undead            Necr           #.......     98%         4    ####...
 Hailstorm                Conj/Ice       #.......     98%         4    ####...
 Ice Form                 Ice/Tmut       #.......     98%         4    ####...
 Leda's Liquefaction      Hex/Erth       #.........   98%         4    ####...
 Olgreb's Toxic Radiance  Pois           #.......     98%         4    ####...
 Petrify                  Tmut/Erth      #.......     98%         4    ####...
 Sticky Flame             Conj/Fire      #.......     98%         4    ####...
 Summon Ice Beast         Ice/Summ       #.......     98%         4    ####...
 Lightning Bolt           Conj/Air       #.........   99%         5    ######.
 Agony                    Necr           #.......     100%        5    ######.
 Alistair's Intoxication  Tmut/Pois      #.......     100%        5    ######.
 Aura of Abjuration       Summ           #.........   100%        5    ######.
 Bolt of Magma            Conj/Fire/Erth #.........   100%        5    ######.
 Borgnjor's Vile Clutch   Necr/Erth      #.........   100%        5    ######.
 Fireball                 Conj/Fire      #.........   100%        5    ######.
 Lee's Rapid Deconstruct  Erth           #.........   100%        5    ######.
 Metabolic Englaciation   Hex/Ice        #.........   100%        5    ######.
 Summon Demon             Summ           #.........   100%        5    ######.
 Summon Mana Viper        Hex/Summ       #.......     100%        5    ######.
 Yara's Violent Unravell  Hex/Tmut       #.........   100%        5    ######.
 Darkness                 Hex            #.........   100%        6    #######
 Death Channel            Necr           #.........   100%        6    #######
 Eringya's Noxious Bog    Tmut/Pois      #.........   100%        6    #######
 Freezing Cloud           Conj/Ice/Air   #.........   100%        6    #######
 Hydra Form               Tmut           #.........   100%        6    #######
 Invisibility             Hex            #.......     100%        6    #######
 Iron Shot                Conj/Erth      #.........   100%        6    #######
 Ozocubu's Refrigeration  Ice            #.........   100%        6    #######
 Shadow Creatures         Summ           N/A          100%        6    #######
 Simulacrum               Ice/Necr       #.........   100%        6    #######
 Starburst                Conj/Fire      #.........   100%        6    #######
 Statue Form              Tmut/Erth      #........    100%        6    #######
 Haunt                    Necr/Summ      #.........   100%        7    #######
 Ring of Flames           Chrm/Fire      #.........   100%        7    #######
 Summon Hydra             Summ           #.........   100%        7    #######
 Borgnjor's Revivificati  Necr           #.........   100%        8    #######
 Chain Lightning          Conj/Air       #.........   100%        8    #######
 Death's Door             Chrm/Necr      #.........   100%        8    #######
 Ignition                 Fire           #.........   100%        8    #######
 Infestation              Necr           #.........   100%        8    #######
 Lehudib's Crystal Spear  Conj/Erth      #.........   100%        8    #######
 Necromutation            Tmut/Necr      #.........   100%        8    #######
 Absolute Zero            Ice            #.........   100%        9    #######
 Fire Storm               Conj/Fire      #.........   100%        9    #######
 Shatter                  Erth           #.........   100%        9    #######
 Tornado                  Air            #.........   100%        9    #######
 Passage of Golubria      Tloc           Unusable     N/A         4    N/A

Dungeon Overview and Level Annotations

Branches:
Dungeon (15/15)            Temple (0/1) D:7            Lair (6/6) D:10
  Swamp (4/4) Lair:2       Spider (4/4) Lair:3        Slime (1/5) Lair:6
    Orc (2/2) D:10            Elf (3/3) Orc:2        Vaults (5/5) D:13
  Crypt (3/3) Vaults:2       Tomb (0/3) Crypt:3      Depths (5/5) D:15
    Zot (5/5) Depths:5      IceCv (visited)

Altars:
Ashenzari
Cheibriados
Dithmenos
Elyvilon
Gozag
Kikubaaqudgha
Makhleb
Nemelex Xobeh
Okawaru
Qazlal
Sif Muna
Trog
Uskayaw
Wu Jian
Xom
Yredelemnul
Zin
The Shining One
Jiyva

Shops:
Orc:2 *(:[   Elf:3 }   Vaults:2 (   Vaults:3 }   Depths:2 =}=

Portals:
Hell: Depths:1 Depths:2 Depths:3 Depths:4 Depths:5
Abyss: Depths:3 Depths:4 Depths:5
Pandemonium: Depths:1 Depths:2 Depths:3
Ziggurat: Depths:3

Annotations:
Elf:2 5 runed translucent doors
Zot:5 2 transporters, exclusion: door, radhat240's ghost, legendary MiFi


Innate Abilities, Weirdness & Mutations

You reflexively headbutt those who attack you in melee.
You have a pair of horns on your head.
Your body sometimes deteriorates upon taking damage.
You are dopey. (Int -2)


Message History

Press: ? - help, Shift-Dir - straight line This square is lit by a halo and is covered in magical glow.
The rock shatters into small pieces.
Unknown command.
An adder and an eye of draining come into view.
The adder hisses angrily.
There is a stone staircase leading up here.
Unknown command.
You climb upwards.
There is a stone staircase leading down here.
Unknown command.
There is a stone staircase leading up here.
You climb upwards.
There is a stone staircase leading down here.
You feel yourself speed up.
There is an open door here.
There is an open door here.
A green death comes into view.
There is a staircase leading out of the dungeon here.
You have escaped!

########'######.## ###...#
#.........# #..#. ####.#####.###
#.#.. #..........# ##...
#.≈≈≈≈≈≈≈..# ##.# #.≈.....≈..###
#.. #.≈.....≈....# ###
#.≈..≈≈.≈.≈≈.# #
#.≈..≈@.≈..≈.##########
#.≈..≈..≈..≈..##.......
#.≈≈.≈.≈≈..≈..##.######
#....≈.....≈..##.###...
###########..#.≈.....≈2......)...
.............#.≈≈≈≈≈≈≈.#..8.....8
#######......#.........#.........
#.###########...##.........
#................#....>....


You could see a green death.

Vanquished Creatures
  3 orbs of fire
  Mara (Crypt:2)
  5 ancient liches
  2 juggernauts
  A juggernaut (shapeshifter) (Depths:2)
  Boris (Vaults:2)
  Sojobo (Crypt:2)
  Bai Suzhen (Spider:3)
  5 caustic shrikes
  4 Killer Klowns (Zot:5)
  4 curse toes
  The ghost of Bidatih the Peltast, an adept MiBe of Trog (Vaults:4)
  11 golden dragons
  A bone dragon (Crypt:3)
  Arachne (Spider:3)
  Jory (Vaults:3)
  Nikola (Elf:1)
  A Tzitzimitl (Zot:2)
  8 liches
  29 tentacled monstrosities
  3 electric golems
  Jorgrun (D:13)
  8 quicksilver dragons
  25 Orb Guardians (Zot:5)
  Rupert (D:12)
  3 acid blobs
  7 deep elf blademasters
  6 deep elf master archers
  19 titans
  9 death cobs
  3 ancient champions
  12 sphinxes
  Gastronok (D:8)
  4 thorn hunters
  9 shadow dragons
  Agnes (Spider:1)
  2 azure jellies (Slime:1)
  9 draconian monks
  Kirke (D:15)
  7 tengu reavers
  16 storm dragons
  Donald (Crypt:2)
  10 draconian knights
  23 frost giants
  Roxanne (Swamp:3)
  Aizul (Crypt:1)
  31 fire giants
  16 vault wardens
  5 draconian scorchers
  An emperor scorpion (shapeshifter) (Vaults:5)
  7 orc warlords
  2 iron dragons
  A curse skull (Crypt:1)
  3 deep elf elementalists (Elf:3)
  9 deep elf sorcerers
  8 emperor scorpions
  13 ghost moths
  10 ghouls (Crypt:2)
  5 draconian shifters
  2 spriggan defenders
  7 draconian stormcallers
  14 ironheart preservers
  7 draconian annihilators
  5 entropy weavers
  A reaper (D:15)
  8 war gargoyles
  6 vampire knights
  31 very ugly things
  9 green draconians
  A lorocyproca (Depths:3)
  39 stone giants
  13 yellow draconians
  23 black draconians
  7 deep elf annihilators
  11 white draconians
  14 deep elf demonologists
  Azrael (D:15)
  10 spark wasps
  15 purple draconians
  19 red draconians
  A dire elephant (Lair:6)
  3 crystal guardians (Crypt:3)
  8 deep elf death magi
  2 green deaths (Swamp:4)
  An ettin (shapeshifter) (Vaults:2)
  2 death oozes (Swamp:4)
  An eidolon (Crypt:1)
  25 ettins
  3 deep elf high priests (Elf:3)
  5 great orbs of eyes
  30 yaktaur captains
  A quicksilver dragon zombie (Crypt:3)
  12 fire dragons
  7 ice dragons
  9 jiangshi
  A great orb of eyes (shapeshifter) (Depths:1)
  39 vault guards
  Erolcha (D:12)
  3 rakshasas
  15 hydras
  9 centaur warriors
  A hydra (shapeshifter) (Vaults:1)
  A shambling mangrove (Swamp:4)
  6 death knights
  5 spriggan air magi
  A hell beast (Swamp:4)
  Erica (D:11)
  3 catoblepae (Lair:6)
  3 ghost crabs (Swamp:3)
  22 dancing weapons
  11 alligators
  6 death yaks (Lair:6)
  7 deep troll earth magi
  15 ogre magi
  8 tengu warriors
  48 two-headed ogres
  5 deep troll shamans
  A satyr (shapeshifter) (Depths:3)
  4 vampire magi
  The ghost of Gadfly the Cleaver, a novice DsMo of Qazlal (D:8)
  An orc high priest (Depths:1)
  2 titan zombies (Crypt:3)
  A thrashing horror (Swamp:4)
  2 soul eaters
  35 deep elf knights
  4 spriggan berserkers
  Urug (Lair:6)
  21 skeletal warriors
  A storm dragon zombie (Crypt:3)
  2 shadow wraiths
  26 hell knights
  4 wizards
  2 golden dragon zombies (Crypt:3)
  26 deep trolls
  3 unseen horrors
  2 unseen horrors (shapeshifter)
  2 glowing orange brains
  10 flayed ghosts
  2 gelid demonspawn (Depths:3)
  2 orange crystal statues
  A deep troll (shapeshifter) (Vaults:5)
  2 lindwurms (Lair:6)
  A torturous demonspawn (Depths:3)
  A tengu zombie (Vaults:5)
  2 infernal demonspawn (Zot:2)
  A harpy (shapeshifter) (Depths:1)
  6 phantasmal warriors
  19 necromancers
  6 swamp dragons
  25 deep elf archers
  20 ironbrand convokers
  19 orc knights
  A fire giant zombie (Crypt:3)
  A golden dragon skeleton (Crypt:3)
  67 ugly things
  A stone giant zombie (Vaults:5)
  71 deep elf magi
  10 orb spiders
  22 wolf spiders
  4 manticores
  6 orc sorcerers
  15 oklob plants
  A shining eye (Slime:1)
  17 cyclopes
  2 fauns (shapeshifter)
  23 moths of wrath
  14 elephants
  8 black mambas
  A fire giant skeleton (D:15)
  A water nymph (shapeshifter) (Elf:1)
  3 centaur zombies
  A shock serpent zombie (Crypt:2)
  3 stone giant skeletons
  A black mamba (shapeshifter) (Depths:2)
  18 vault sentinels
  An eye of devastation (Slime:1)
  A smoke demon (Depths:3)
  3 torpor snails
  2 ice statues (IceCv)
  21 spiny frogs
  4 kobold demonologists
  A hellion (D:10)
  2 rime drakes (Lair:6)
  53 yaktaurs
  2 orange demons (Swamp:4)
  15 freezing wraiths
  A human zombie (Vaults:3)
  An elephant slug zombie (Crypt:1)
  7 komodo dragons
  A yaktaur (shapeshifter) (Vaults:5)
  6 demonic crawlers
  A red draconian skeleton (Crypt:1)
  A green draconian skeleton (Crypt:1)
  A harpy zombie (Crypt:1)
  10 ice devils (IceCv)
  9 trolls
  A hydra zombie (Crypt:1)
  21 jumping spiders
  12 polar bears
  6 tengu conjurers
  A hornet (shapeshifter) (Vaults:1)
  3 meliai
  A troll (shapeshifter) (Vaults:5)
  2 raiju (Lair:6)
  11 blink frogs
  59 slime creatures
  11 hornets
  A sphinx simulacrum (Vaults:3)
  A blink frog (shapeshifter) (Vaults:3)
  4 tyrant leeches
  16 hippogriffs
  A moth of wrath zombie (Crypt:1)
  A harpy skeleton (Crypt:3)
  17 bog bodies
  A spriggan zombie (D:15)
  2 ice dragon skeletons (Crypt:3)
  26 flying skulls (Crypt:3)
  6 shadows
  An ettin skeleton (Crypt:1)
  53 redbacks
  2 spriggans (shapeshifter)
  6 wyverns
  9 large abominations
  A redback (shapeshifter) (Depths:3)
  8 spriggans
  2 air elementals (Elf:3)
  19 yaks
  7 basilisks
  23 tarantellas
  9 water elementals
  5 wraiths
  8 fire elementals
  4 hogs (D:15)
  4 hungry ghosts
  3 chaos spawn
  7 fire bats
  A steam dragon (D:11)
  14 vampire mosquitoes
  A soldier ant (shapeshifter) (Vaults:1)
  17 swamp worms
  12 insubstantial wisps (Swamp:4)
  11 wargs
  7 acid dragons
  Menkaure (D:6)
  A soldier ant (D:13)
  15 hell hounds
  17 water moccasins
  8 porcupines
  3 floating eyes
  A deep troll skeleton (Vaults:5)
  A meliai simulacrum (D:13)
  A spiny frog skeleton (Crypt:1)
  7 ice beasts
  An eye of draining (shapeshifter) (Vaults:1)
  An elf zombie (Vaults:5)
  36 orc warriors
  3 swamp drakes
  3 sky beasts
  14 black bears
  An eye of draining (D:15)
  7 necrophages
  6 phantoms
  2 snapping turtle skeletons (Crypt:3)
  15 wolves
  4 boggarts (Depths:1)
  48 ogres
  17 centaurs
  An elephant skeleton (Crypt:1)
  11 crocodiles
  A hippogriff zombie (Crypt:2)
  A crocodile (shapeshifter) (D:9)
  4 big kobolds
  17 bullfrogs
  A gnoll sergeant (D:9)
  5 earth elementals
  A komodo dragon skeleton (Crypt:2)
  2 human skeletons
  A hippogriff skeleton (Crypt:2)
  5 small abominations
  A wyvern skeleton (D:8)
  7 scorpions
  2 troll zombies (D:10)
  15 killer bees
  A shapeshifter zombie (Crypt:2)
  31 wights
  6 electric eels
  5 howler monkeys (D:12)
  A spriggan skeleton (Crypt:2)
  6 crimson imps
  2 draconian simulacra (IceCv)
  3 lava snakes (Lair:4)
  3 bullfrog zombies
  A human simulacrum (Vaults:2)
  4 quasits
  4 centaur skeletons
  6 hounds
  2 jellies
  26 orc priests
  2 iron imps
  22 orc wizards
  2 iguanas
  A spriggan simulacrum (IceCv)
  8 worker ants
  2 killer bee zombies
  An acid dragon zombie (Crypt:2)
  3 centaur simulacra (IceCv)
  4 ogre zombies (D:10)
  3 hound skeletons
  A hound zombie (D:6)
  A howler monkey zombie (D:8)
  9 gnolls
  2 naga simulacra (IceCv)
  7 adders
  2 ogre simulacra (IceCv)
  8 shadow imps
  5 white imps
  An ooze (D:1)
  An adder skeleton (D:9)
  An adder zombie (D:8)
  7 worms
  A dart slug (D:1)
  4 leopard geckos
  111 orcs
  14 bats
  A bat zombie (Crypt:1)
  4 giant cockroaches
  2 gnoll zombies (D:5)
  8 goblins
  6 hobgoblins
  16 jackals
  6 quokkas
  3 ball pythons
  4 frilled lizards
  A frilled lizard zombie (Crypt:1)
  A goblin skeleton (D:4)
  5 goblin zombies
  A hobgoblin skeleton (D:10)
  4 hobgoblin zombies (D:4)
  18 kobolds
  A kobold skeleton (D:4)
  A kobold zombie (D:4)
  4 orc skeletons
  14 orc zombies
  A quokka skeleton (D:9)
  A quokka zombie (D:6)
  9 rats
  4 briar patches (Swamp:4)
  2 bushes (Zot:3)
  2 fungi (Zot:3)
  6 plants
2807 creatures vanquished.

Vanquished Creatures (others)
  3 tentacled monstrosities (Zot:5)
  A deep elf master archer (Slime:1)
  A draconian monk (Zot:5)
  A draconian scorcher (Zot:5)
  2 fire giants
  A draconian shifter (Zot:5)
  A draconian annihilator (Zot:5)
  A deep elf elementalist (Vaults:5)
  A stone giant (Zot:3)
  A red draconian (Zot:5)
  A titan skeleton (D:15)
  A deep elf mage (Zot:4)
  A cyclops (Orc:2)
  A moth of wrath (Zot:5)
  A human (D:15)
  An orc warrior (Vaults:5)
  An orc priest (Orc:2)
  An ooze (D:7)
  4 bushes (Zot:3)
  13 fungi
  23 plants
  8 withered plants (D:15)
69 creatures vanquished.

Grand Total: 2876 creatures vanquished

Notes
Turn   | Place    | Note
-------+----------+-------------------------------------------
     0 | D:1      | DeepDeath the Minotaur Assassin began the quest for the
                  | Orb.
     0 | D:1      | Reached XP level 1. HP: 18/18 MP: 0/0
   200 | D:1      | Reached XP level 2. HP: 16/25 MP: 1/1
   315 | D:1      | Reached skill level 1 in Armour
   877 | D:1      | Reached XP level 3. HP: 31/31 MP: 2/2
  1288 | D:2      | Noticed an ogre
  1484 | D:2      | Found an iron altar of Okawaru.
  1486 | D:2      | Found a bloodstained altar of Trog.
  1488 | D:2      | Became a worshipper of Warmaster Okawaru
  1905 | D:2      | Reached XP level 4. HP: 38/38 MP: 3/3
  2436 | D:2      | Killed an ogre
  2436 | D:2      | Reached skill level 1 in Invocations
  2436 | D:2      | Reached XP level 5. HP: 46/46 MP: 3/5
  3012 | D:3      | Found a shimmering altar of Xom.
  3012 | D:3      | Found an ornate altar of the Wu Jian Council.
  3014 | D:3      | Found a stormy altar of Qazlal.
  3501 | D:4      | Reached XP level 6. HP: 52/52 MP: 6/6
  3532 | D:4      | Reached * piety under Okawaru
  3532 | D:4      | Reached skill level 5 in Short Blades
  3676 | D:4      | Found a glowing golden altar of the Shining One.
  4516 | D:5      | Entered Level 5 of the Dungeon
  4516 | D:5      | Found a burning altar of Makhleb.
  4643 | D:5      | Reached XP level 7. HP: 59/59 MP: 8/8
  4683 | D:5      | Found a glowing golden altar of the Shining One.
  4717 | D:5      | Found a shadowy altar of Dithmenos.
  4718 | D:5      | Found a white marble altar of Elyvilon.
  4924 | D:5      | Found a glowing silver altar of Zin.
  5162 | D:5      | Found a basalt altar of Yredelemnul.
  5352 | D:6      | Reached skill level 1 in Long Blades
  5433 | D:5      | Identified a scroll of acquirement
  5433 | D:5      | Acquired a manual of Fighting
  5469 | D:6      | Noticed Menkaure
  5717 | D:6      | Found a hide-covered altar of Uskayaw.
  6595 | D:7      | Reached skill level 5 in Fighting
  6891 | D:7      | Reached XP level 8. HP: 40/70 MP: 10/10
  7430 | D:7      | Reached skill level 5 in Long Blades
  8128 | D:7      | Found a staircase to the Ecumenical Temple.
  8164 | D:7      | Reached ** piety under Okawaru
  8164 | D:7      | Reached skill level 5 in Armour
  9236 | D:8      | Reached XP level 9. HP: 67/82 MP: 8/11
  9439 | D:8      | Noticed a komodo dragon
  9441 | D:8      | Found a runed translucent gate.
  9441 | D:8      | Noticed Gadfly's ghost (novice DsMo)
  9442 | D:8      | Found a runed translucent gate.
  9442 | D:8      | Found a runed translucent gate.
 10467 | D:8      | Reached skill level 10 in Fighting
 10573 | D:8      | Got a pitted tower shield
 10677 | D:8      | Noticed Gastronok
 10714 | D:8      | Killed Gastronok
 10714 | D:8      | Reached *** piety under Okawaru
 10714 | D:8      | Reached **** piety under Okawaru
 10714 | D:8      | Reached skill level 10 in Long Blades
 10714 | D:8      | Reached XP level 10. HP: 47/95 MP: 12/12
 11888 | D:9      | Noticed a two-headed ogre
 11955 | D:9      | Killed a two-headed ogre
 12097 | D:9      | Reached ***** piety under Okawaru
 12216 | D:9      | Reached XP level 11. HP: 106/106 MP: 11/13
 12313 | D:9      | Found a snail-covered altar of Cheibriados.
 12614 | D:10     | Entered Level 10 of the Dungeon
 12678 | D:10     | Found a staircase to the Orcish Mines.
 12679 | D:10     | Noticed a two-headed ogre
 12705 | D:9      | Received a gift from Okawaru
 12944 | D:10     | Found a staircase to the Lair.
 13377 | D:10     | Killed a two-headed ogre
 13377 | D:10     | Reached skill level 10 in Armour
 13377 | D:10     | Reached skill level 5 in Invocations
 13457 | D:10     | Received a gift from Okawaru
 14002 | Lair:1   | Entered Level 1 of the Lair of Beasts
 15056 | Lair:2   | Found a staircase to the Swamp.
 15076 | Lair:2   | Noticed a four-headed hydra
 15371 | Lair:2   | Found a white marble altar of Elyvilon.
 15562 | Lair:2   | Killed a four-headed hydra
 15689 | Lair:2   | Reached XP level 12. HP: 117/117 MP: 13/15
 16089 | Lair:3   | Got a faintly humming chain mail
 16208 | Lair:3   | Reached skill level 15 in Fighting
 16293 | Lair:3   | Found a hole to the Spider Nest.
 16333 | Lair:3   | Identified the +6 chain mail of Insatiable Hunger {Str+4
                  | Dex+2} (You found it on level 3 of the Lair of Beasts)
 16402 | Lair:3   | Reached XP level 13. HP: 126/126 MP: 17/17
 16542 | Lair:3   | You fall into a shaft and drop 2 floors!
 16550 | Lair:5   | Received a gift from Okawaru
 16634 | Lair:4   | Reached skill level 15 in Long Blades
 17097 | Lair:4   | Acquired a manual of Long Blades
 18936 | D:6      | Killed Menkaure
 19101 | D:8      | Killed Gadfly's ghost
 19326 | D:11     | You fall into a shaft and drop 3 floors!
 19414 | D:13     | Reached XP level 14. HP: 126/137 MP: 11/19
 19435 | D:12     | Found a frozen archway.
 19452 | IceCv    | Entered an ice cave
 19710 | IceCv    | Got a transparent hunting sling
 20148 | D:11     | Found the +7 great mace "Firestarter" {inner flame, rF++}
 20871 | D:11     | You fall into a shaft and drop 1 floor!
 20922 | D:11     | Noticed Erica
 20925 | D:11     | Killed Erica
 21481 | D:12     | Noticed Erolcha
 21491 | D:12     | Killed Erolcha
 21674 | D:12     | Noticed Rupert
 21698 | D:12     | Killed Rupert
 21997 | Orc:1    | Entered Level 1 of the Orcish Mines
 22220 | Orc:1    | Found a shimmering blue altar of Sif Muna.
 22421 | Orc:2    | Entered Level 2 of the Orcish Mines
 22421 | Orc:2    | Found Qibrearo's Book Emporium.
 22442 | Orc:2    | Reached skill level 1 in Evocations
 22536 | Orc:2    | Found a staircase to the Elven Halls.
 22542 | Orc:2    | Received a gift from Okawaru
 22545 | Orc:2    | Got a brightly glowing great sword {god gift}
 23175 | Orc:2    | Found Juriycag's Antique Weapon Shop.
 23235 | Orc:2    | Found Ykhu's General Store.
 23275 | Orc:2    | Bought a scroll of enchant weapon for 105 gold pieces
 23581 | Orc:2    | Noticed a stone giant
 23601 | Orc:2    | Killed a stone giant
 23681 | Orc:2    | Found Upai's Antique Armour Shop.
 23689 | Orc:2    | Bought a runed scarf for 168 gold pieces
 24290 | D:13     | Identified the +9 great sword "Mauhan" {vorpal, *Drain
                  | rElec rF+ Stlth+} (Okawaru gifted it to you on level 2 of
                  | the Orcish Mines)
 24599 | D:13     | Reached XP level 15. HP: 146/146 MP: 21/21
 24676 | D:13     | Noticed Jorgrun
 24703 | D:13     | Killed Jorgrun
 24703 | D:13     | Reached skill level 10 in Invocations
 25061 | D:13     | Received a gift from Okawaru
 25156 | D:13     | Found a gate to the Vaults.
 25320 | D:13     | Found a sparkling altar of Nemelex Xobeh.
 25691 | Lair:6   | Entered Level 6 of the Lair of Beasts
 25726 | Lair:6   | Found a staircase to the Slime Pits.
 25726 | Lair:6   | Found a viscous altar of Jiyva.
 25874 | Lair:6   | Reached ****** piety under Okawaru
 25930 | Lair:6   | Received a gift from Okawaru
 25961 | Lair:6   | Got a smoking great sword {god gift}
 25969 | Lair:6   | Noticed Urug
 25978 | Lair:6   | Killed Urug
 26454 | Lair:6   | Received a gift from Okawaru
 27375 | Lair:6   | Reached skill level 15 in Armour
 27789 | D:13     | Reached XP level 16. HP: 126/156 MP: 24/24
 28008 | D:14     | Found a burning altar of Makhleb.
 28467 | D:15     | Entered Level 15 of the Dungeon
 28710 | D:15     | Received a gift from Okawaru
 28713 | D:15     | Got a bloodstained great sword {god gift}
 28762 | D:15     | Identified the +6 great sword of Wrongful Imprisonment
                  | {freeze, Dex+3} (Okawaru gifted it to you on level 15 of
                  | the Dungeon)
 28763 | D:15     | Identified the +6 great sword of Dominance {venom, rC++ MR-
                  | MP+9 Str+8 Dex-4} (Okawaru gifted it to you on level 6 of
                  | the Lair of Beasts)
 28764 | D:15     | Noticed Azrael
 28942 | D:15     | Killed Azrael
 29034 | D:15     | Found a staircase to the Depths.
 29189 | D:15     | Received a gift from Okawaru
 29508 | D:15     | Noticed Kirke
 29518 | D:15     | Identified the +4 halberd of Mourning {drain, rC+}
 29526 | D:15     | Killed Kirke
 29704 | D:15     | Found a portal to a secret trove of treasure.
 29732 | D:15     | Found an opulent altar of Gozag.
 29810 | Trove    | Entered a treasure trove
 29850 | Trove    | Identified the Grimoire of Poisonous Feathers
 29867 | Trove    | Found the +0 staff of Battle
 30373 | Swamp:1  | Entered Level 1 of the Swamp
 30733 | Swamp:1  | Reached skill level 5 in Throwing
 30833 | Swamp:1  | Found a shattered altar of Ashenzari.
 30954 | Swamp:1  | Reached XP level 17. HP: 161/165 MP: 25/25
 32252 | Swamp:3  | Noticed Roxanne
 33036 | Swamp:3  | Killed Roxanne
 33076 | Swamp:4  | Entered Level 4 of the Swamp
 34860 | Swamp:4  | Received a gift from Okawaru
 35008 | Swamp:4  | Got a decaying rune of Zot
 35188 | Lair:2   | Identified the +6 hunting sling of Pride {flame, Fragile
                  | rN+ Str+2 Dex+2} (You found it in an ice cave)
 35247 | Spider:1 | Entered Level 1 of the Spider Nest
 35262 | Spider:1 | Received a gift from Okawaru
 35273 | Spider:1 | Identified the +2 great sword "Hun Axtu" {pain, rF++ Str-3}
                  | (Okawaru gifted it to you on level 1 of the Spider Nest)
 35323 | Spider:1 | Noticed Agnes
 35330 | Spider:1 | Killed Agnes
 35506 | Spider:1 | Reached XP level 18. HP: 164/178 MP: 0/27
 36392 | Vaults:1 | Entered Level 1 of the Vaults
 36538 | Vaults:1 | Reached skill level 10 in Throwing
 36557 | Vaults:1 | Received a gift from Okawaru
 36587 | Vaults:1 | Noticed a lich
 36603 | Vaults:1 | Noticed a lich
 36616 | Vaults:1 | Killed a lich
 36616 | Vaults:1 | Received a gift from Okawaru
 36617 | Vaults:1 | Killed a lich
 36617 | Vaults:1 | Received a gift from Okawaru
 36805 | Vaults:1 | Received a gift from Okawaru
 36878 | Vaults:1 | Received a gift from Okawaru
 37359 | Vaults:1 | Got a bound pewter ring
 37366 | Vaults:1 | Received a gift from Okawaru
 38053 | Vaults:1 | Identified the ring "Ruit" {MR+++ Int+2 Dex+3 SInv Stlth-}
                  | (You found it on level 1 of the Vaults)
 38743 | Vaults:2 | Got a wavering tin ring
 38804 | Vaults:2 | Identified the ring of Guerhoq {rC+ Int+6} (You found it on
                  | level 2 of the Vaults)
 38830 | Vaults:2 | Received a gift from Okawaru
 38834 | Vaults:2 | Noticed Boris
 38849 | Vaults:2 | Identified the +0 robe of the Stars {rN+}
 38854 | Vaults:2 | Killed Boris
 38873 | Vaults:2 | Reached skill level 10 in Dodging
 38885 | Vaults:2 | Received a gift from Okawaru
 38885 | Vaults:2 | Reached XP level 19. HP: 147/187 MP: 28/28
 38905 | Vaults:2 | Received a gift from Okawaru
 38981 | Vaults:2 | Got a pair of masterwork gloves {god gift}
 38982 | Vaults:2 | Identified the +0 pair of gloves of Mumblety Peg {+Blink
                  | Int+4} (Okawaru gifted it to you on level 2 of the Vaults)
 39589 | Vaults:2 | Found a staircase to the Crypt.
 39589 | Vaults:2 | Found an ancient bone altar of Kikubaaqudgha.
 39590 | Vaults:2 | Found a basalt altar of Yredelemnul.
 40061 | Vaults:2 | Found Moata's Weapon Emporium.
 41460 | Vaults:2 | Received a gift from Okawaru
 41555 | Vaults:3 | Noticed a Tzitzimitl
 42095 | Vaults:3 | Received a gift from Okawaru
 42313 | Vaults:3 | Found Gianet's Gadget Boutique.
 42320 | Vaults:3 | Bought a wand of iceblast (10) for 154 gold pieces
 42431 | Vaults:3 | Received a gift from Okawaru
 43259 | Vaults:3 | Reached skill level 15 in Dodging
 43595 | Vaults:3 | Learned a level 2 spell: Shroud of Golubria
 43598 | Vaults:3 | Learned a level 2 spell: Swiftness
 43679 | Vaults:3 | Reached XP level 20. HP: 200/200 MP: 29/29
 43987 | Vaults:3 | Noticed Jory
 44008 | Vaults:3 | Received a gift from Okawaru
 44023 | Vaults:3 | Killed Jory
 44056 | Vaults:3 | Identified the +4 hat of Kuifuon {rF++ rC+ Stlth+} (Okawaru
                  | gifted it to you on level 3 of the Vaults)
 46773 | Vaults:4 | Found a large runed translucent door.
 46773 | Vaults:4 | Found a large runed translucent door.
 46795 | Vaults:4 | Noticed Bidatih's ghost (adept MiBe)
 47581 | Depths:1 | Entered Level 1 of the Depths
 47628 | Depths:1 | Received a gift from Okawaru
 47992 | Depths:1 | Found a gateway to Hell.
 48019 | Depths:1 | Found the +2 Maxwell's thermic engine {flame, freeze}
 48027 | Depths:1 | Reached skill level 15 in Throwing
 48771 | Depths:1 | Received a gift from Okawaru
 49261 | Depths:1 | Received a gift from Okawaru
 49563 | Depths:1 | Reached XP level 21. HP: 187/211 MP: 30/30
 49741 | Depths:1 | Found a one-way gate leading to the halls of Pandemonium.
 52623 | Spider:3 | Noticed Arachne
 52633 | Spider:3 | Killed Arachne
 52825 | Spider:3 | Noticed Bai Suzhen
 52831 | Spider:3 | Killed Bai Suzhen
 53280 | Spider:4 | Entered Level 4 of the Spider Nest
 53390 | Spider:4 | Received a gift from Okawaru
 53556 | Spider:4 | Received a gift from Okawaru
 55084 | Elf:1    | Entered Level 1 of the Elven Halls
 55090 | Elf:1    | Noticed Nikola
 55111 | Elf:1    | Killed Nikola
 55470 | Elf:1    | Received a gift from Okawaru
 56249 | Elf:2    | Found a huge runed translucent gate.
 56249 | Elf:2    | Found a huge runed translucent gate.
 56251 | Elf:2    | Found a huge runed translucent gate.
 56251 | Elf:2    | Found a huge runed translucent gate.
 56251 | Elf:2    | Found a huge runed translucent gate.
 56326 | Elf:2    | Acquired the +2 pair of gloves of Day {rElec rF++}
 56879 | Orc:2    | Bought a shiny plate armour for 546 gold pieces
 57257 | Spider:4 | Reached XP level 22. HP: 211/226 MP: 0/31
 57405 | Spider:4 | Got a gossamer rune of Zot
 57826 | Depths:2 | Received a gift from Okawaru
 58155 | Depths:2 | Found Pietinav's Jewellery Shop.
 58156 | Depths:2 | Found Qicsal's Gadget Emporium.
 58157 | Depths:2 | Found Ammasei's Jewellery Shop.
 58173 | Depths:2 | Bought an uncursed ring of resist corrosion for 280 gold
                  | pieces
 58173 | Depths:2 | Bought an uncursed ring of poison resistance for 280 gold
                  | pieces
 58727 | Depths:2 | Received a gift from Okawaru
 58755 | Depths:2 | Found an iron altar of Okawaru.
 58806 | Depths:2 | Identified the cursed +1 plate armour "Logrur" {+Inv Str+2}
                  | (You found it on level 2 of the Depths)
 58808 | Depths:2 | Identified the +8 crystal plate armour "Aguod" {rPois} (You
                  | found it on level 2 of the Depths)
 58920 | Depths:2 | Identified the +10 scimitar of Kismet {distort, rC+ Int+6}
                  | (You found it on level 2 of the Depths)
 59053 | Depths:2 | Found a snail-covered altar of Cheibriados.
 60275 | Depths:3 | Received a gift from Okawaru
 60282 | Depths:3 | Noticed a caustic shrike
 60282 | Depths:3 | a shadow dragon changed into a caustic shrike
 60388 | Depths:3 | Noticed a juggernaut
 60389 | Depths:3 | Noticed a golden dragon
 60389 | Depths:3 | a caustic shrike changed into a golden dragon
 60395 | Depths:3 | a golden dragon changed into an iron giant
 60435 | Depths:2 | Noticed a juggernaut
 60435 | Depths:2 | an iron dragon changed into a juggernaut
 60437 | Depths:2 | a juggernaut changed into a titan
 60438 | Depths:2 | Noticed a shard shrike
 60438 | Depths:2 | a titan changed into a shard shrike
 60441 | Depths:2 | Noticed a juggernaut
 60441 | Depths:2 | a shard shrike changed into a juggernaut
 60455 | Depths:2 | Killed a juggernaut
 60455 | Depths:2 | Received a gift from Okawaru
 60704 | Depths:3 | Killed a juggernaut
 61163 | Depths:3 | Noticed a golden dragon
 61182 | Depths:3 | Killed a golden dragon
 61773 | Depths:3 | Reached skill level 1 in Translocations
 61796 | Depths:3 | Reached skill level 1 in Air Magic
 61801 | Depths:3 | Reached skill level 1 in Charms
 61805 | Depths:3 | Reached skill level 1 in Spellcasting
 61933 | Depths:3 | Found a gateway to a ziggurat.
 62101 | Depths:3 | Reached XP level 23. HP: 236/236 MP: 32/32
 62410 | Depths:3 | Found a one-way gate to the infinite horrors of the Abyss.
 62807 | Depths:4 | Received a gift from Okawaru
 64010 | Depths:4 | Noticed a caustic shrike
 64014 | Depths:4 | Noticed a caustic shrike
 64025 | Depths:4 | Killed a caustic shrike
 64030 | Depths:4 | Identified the cursed +0 long sword of Feqerr {flame,
                  | +Blink rElec rN+ Int-2}
 64031 | Depths:4 | Noticed a caustic shrike
 64046 | Depths:4 | Killed a caustic shrike
 64046 | Depths:4 | Reached skill level 27 in Fighting
 64052 | Depths:4 | Killed a caustic shrike
 64300 | Depths:4 | Noticed a caustic shrike
 64315 | Depths:4 | Killed a caustic shrike
 64790 | Depths:4 | Received a gift from Okawaru
 64803 | Depths:4 | Noticed a caustic shrike
 64821 | Depths:3 | Killed a caustic shrike
 65230 | Depths:3 | Received a gift from Okawaru
 65489 | Depths:4 | Paralysed by a floating eye for 4 turns
 65567 | Depths:4 | Received a gift from Okawaru
 66014 | Depths:5 | Entered Level 5 of the Depths
 66103 | Depths:5 | Noticed a juggernaut
 66151 | Depths:5 | Killed a juggernaut
 66276 | Depths:5 | Reached XP level 24. HP: 223/249 MP: 32/32
 66816 | Depths:5 | Found a shattered altar of Ashenzari.
 67493 | Depths:5 | Found a gate to the Realm of Zot.
 68043 | Depths:5 | Learned a level 1 spell: Apportation
 68046 | Depths:5 | Learned a level 2 spell: Blink
 68126 | Depths:2 | Bought a wand of acid (8) for 336 gold pieces
 68132 | Depths:2 | Bought the ring of the Devouring Genius {rPois MR+ Str+4
                  | Int-4} for 506 gold pieces
 68588 | Elf:3    | Entered Level 3 of the Elven Halls
 68817 | Elf:3    | Found Zeerr's Gadget Boutique.
 68937 | Elf:3    | Received a gift from Okawaru
 68973 | Elf:3    | Identified the +4 crystal plate armour "Funky" {+Blink
                  | Stlth+} (Okawaru gifted it to you on level 3 of the Elven
                  | Halls)
 69090 | Elf:3    | Reached skill level 5 in Evocations
 69793 | Elf:3    | Identified the ring of Averakk {+Inv rCorr Dex+5 Stlth+}
 69829 | Elf:3    | Identified the +7 hand axe of Death's Door {flame, rF+}
 69842 | Elf:3    | Identified the ring of the Eagle {rElec rF+ Str+2 Int-4}
 69875 | Elf:3    | Identified the ring of Impatience {rC++ MP+9 Str+4 Slay-4}
 70711 | Vaults:5 | Entered Level 5 of the Vaults
 70744 | Vaults:5 | Received a gift from Okawaru
 70758 | Vaults:4 | Reached XP level 25. HP: 158/257 MP: 29/33
 70985 | Vaults:5 | Reached skill level 15 in Invocations
 71019 | Vaults:5 | Noticed an ancient lich
 71344 | Vaults:4 | Killed an ancient lich
 71384 | Vaults:5 | Noticed an ancient lich
 71396 | Vaults:5 | Killed an ancient lich
 71436 | Vaults:5 | Received a gift from Okawaru
 72601 | Vaults:5 | Identified the +4 hunting sling "Hydrabane" {vorpal, rF+
                  | rC+} (You found it on level 5 of the Vaults)
 72603 | Vaults:5 | Got a silver rune of Zot
 73638 | Vaults:5 | Received a gift from Okawaru
 74412 | Vaults:5 | Identified the +3 plate armour of the Mackerel {rN+ rCorr
                  | Dex-4} (You found it on level 5 of the Vaults)
 74539 | Vaults:1 | Learned a level 2 spell: Song of Slaying
 74541 | Vaults:1 | Learned a level 1 spell: Infusion
 74785 | D:5      | Fell from the grace of Okawaru
 74785 | D:5      | Became a worshipper of the Shining One
 75782 | Crypt:1  | Entered Level 1 of the Crypt
 75998 | Crypt:1  | Reached * piety under the Shining One
 76007 | Crypt:1  | Reached XP level 26. HP: 264/264 MP: 33/33
 76013 | Crypt:1  | Noticed Aizul
 76023 | Crypt:1  | Killed Aizul
 76045 | Crypt:1  | Reached ** piety under the Shining One
 76245 | Crypt:1  | Reached *** piety under the Shining One
 76547 | Crypt:2  | Reached **** piety under the Shining One
 76562 | Crypt:2  | Noticed Donald
 76572 | Crypt:2  | Killed Donald
 76840 | Crypt:2  | Reached ***** piety under the Shining One
 76951 | Crypt:2  | Noticed Mara
 76978 | Crypt:2  | Noticed DeepDeath's illusion
 76992 | Crypt:2  | Killed Mara
 77142 | Crypt:2  | Noticed Sojobo
 77168 | Crypt:2  | Killed Sojobo
 77853 | Crypt:3  | Entered Level 3 of the Crypt
 78003 | Crypt:3  | Reached ****** piety under the Shining One
 78144 | Crypt:3  | Found a staircase to the Tomb.
 78154 | Crypt:3  | Identified Buuxumon's Tome of Ignition
 78392 | Crypt:3  | Found an ancient bone altar of Kikubaaqudgha.
 78392 | Crypt:3  | Noticed an ancient lich
 78411 | Crypt:3  | Killed an ancient lich
 78831 | Crypt:3  | Reached skill level 5 in Translocations
 79239 | Crypt:3  | Got a coiled platinum amulet
 79243 | Crypt:3  | Identified the +6 plate armour of the Beekeeper {rC- rN+++
                  | Int+2 Dex-4} (You found it on level 3 of the Crypt)
 79245 | Crypt:3  | Identified the amulet of Jimeacze {Faith Str+4} (You found
                  | it on level 3 of the Crypt)
 79424 | Crypt:3  | Identified the Reference Book on Unholy Rituals
 80028 | Slime:1  | Entered Level 1 of the Pits of Slime
 81371 | Zot:1    | Entered Level 1 of the Realm of Zot
 81656 | Zot:1    | You fall into a shaft and drop 1 floor!
 81724 | Zot:2    | Reached XP level 27. HP: 271/271 MP: 33/33
 82915 | Zot:1    | Reached skill level 5 in Spellcasting
 84278 | Zot:3    | Noticed an orb of fire
 84280 | Zot:3    | Gained mutation: You are dopey. (Int -2) [an orb of fire]
 84281 | Zot:3    | Gained mutation: Your body sometimes deteriorates upon
                  | taking damage. [an orb of fire]
 84283 | Zot:3    | Killed an orb of fire
 87025 | Zot:4    | Reached skill level 5 in Stealth
 87744 | Zot:4    | Identified a +0 pair of boots of running (You found it on
                  | level 4 of the Realm of Zot)
 87758 | Zot:5    | Entered Level 5 of the Realm of Zot
 87893 | Zot:5    | Reached skill level 5 in Charms
 88275 | Zot:5    | Found a transporter.
 88283 | Zot:5    | Noticed radhat240's ghost (legendary MiFi)
 88291 | Zot:5    | Found a transporter.
 88534 | Zot:5    | Noticed an orb of fire
 89039 | Zot:5    | Noticed an orb of fire
 89041 | Zot:5    | Noticed an orb of fire
 89047 | Zot:5    | Killed an orb of fire
 89049 | Zot:5    | Killed an orb of fire
 89148 | Zot:5    | Noticed an ancient lich
 89161 | Zot:5    | Killed an ancient lich
 89161 | Zot:5    | Reached skill level 10 in Evocations
 89736 | Zot:2    | Was forgiven by Okawaru
 90167 | Vaults:4 | Killed Bidatih's ghost
 90785 | Zot:5    | Noticed an ancient lich
 90810 | Zot:5    | Killed an ancient lich
 91143 | Zot:5    | Reached skill level 27 in Armour
 91997 | Zot:5    | Got the Orb of Zot
 92119 | Zot:2    | Noticed Ledopsuq the pandemonium lord
 92460 | D:7      | Noticed a seraph
 92570 | D:$      | Escaped with the Orb!

Illustrated notes

Levels and vault maps discovered:
D:1:      ebering_hopf_link, layout_basic, st_stairs_1, minivault_26
D:2:      layout_loops_ring, minitemple, minmay_tetromino_o4
D:3:      minmay_chambers_of_twos, layout_basic, nicolae_overflow_hidden_temple
D:4:      layout_loops_ring, nicolae_tso_besieged_by_evil
D:5:      layout_loops_cross, lemuel_crystal_altar, grunt_temple_overflow_open,
          kennysheep_mini_moat, lemuel_zombie_altar_yredelemnul, first_ration,
          lemuel_old_faithful
D:6:      wad_river_or_something, layout_cave_pools,
          eat_drink_and_be_merry_uskayaw, uniq_menkaure
D:7:      layout_loops_ring, minmay_temple_entry_drinking_statues,
          grunt_ogre_cave
D:8:      layout_basic, gammafunk_ghost_split, uniq_gastronok
D:9:      layout_roguey, slow_altar_2
D:10:     layout_long_grid, erik_lair_orcish_takeover, zombieorc1_lemuel,
          grunt_decor_clamped
D:11:     minmay_firetagon, layout_cave_pods, minmay_misc_feat_rugged,
          uniq_erica
D:12:     layout_loops_ring, portal_ice_cave_entry_pillars_1, kennysheep_potato,
          uniq_rupert, uniq_erolcha
D:13:     layout_cave_pods, david_vaults_5, nemelex_diamond_rough_becter,
          uniq_jorgrun
D:14:     layout_basic, lemuel_round_altar
D:15:     gammafunk_depths_entry_grave, layout_irregular_city,
          minmay_misc_feat_doors, basic_altar, nicolae_trove_entry_crystal,
          kennysheep_inner_square, uniq_kirke, uniq_azrael
Lair:1:   layout_gridlike, serial_bayou_ford_a
Lair:2:   layout_cave_pods, minmay_swamp_entry_reptiles, basic_altar,
          serial_bayou_pond_e, nicolae_lair_grove_arrangements,
          grunt_forest_large_clearing_hut
Lair:3:   layout_hall_layers, nicolae_spider_entry_non_spiders
Lair:4:   layout_gridlike, serial_bayou_pond_a, disabler_island,
          minmay_lair_oklob_chamber
Lair:5:   layout_loops_ring, grunt_megastairs_4, infiniplex_staircase_pool_2
Lair:6:   hangedman_lair_caniforms_friends, layout_small_grid,
          hangedman_lair_in_review, slime_altar_1, st_stairs_6, uniq_urug
Swamp:1:  layout_falls_marsh, evilmike_swamp_ruin_house_1, swamp_pool2,
          lemuel_altar_in_water2
Swamp:2:  layout_basic_swamp, evilmike_swamp_ruin_house_2
Swamp:3:  layout_falls_marsh, evilmike_swamp_ruin_house_3, swamp_pool1,
          nicolae_swamp_feature_on_the_river_bank, uniq_roxanne
Swamp:4:  swamp_vile, layout_basic_swamp
Spider:1: layout_spider_delve, uniq_agnes
Spider:2: layout_spider_delve
Spider:3: layout_chambers, uniq_arachne, uniq_bai_suzhen
Spider:4: grunt_spider_rune_circles
Slime:1:  layout_caves, cheibrodos_slime_lost_civilization_5
Orc:1:    layout_caves, led_sif_book
Orc:2:    grunt_orc_gardens, layout_caves, grunt_orc_garden, grunt_orc_garden,
          grunt_orc_garden, grunt_orc_garden
Elf:1:    eino_elf_arrival_shootout, layout_geoelf_octagon,
          hangedman_elven_crosses_minicolossus, uniq_nikola
Elf:2:    layout_geoelf_diagonals
Elf:3:    grunt_elf_hall_asides, layout_gridlike, serial_shops, shop
Vaults:1: nicolae_vaults_network_s, vaults_dpeg_spiral,
          nicolae_vaults_network_square, vaults_dpeg_encased_lava,
          ontoclasm_vaults_hangar, vaults_room_fours, vaults_dpeg_hooks,
          st_greater_box_1, hangedman_vaults_hat, v_misc_22, grunt_vaults_focal,
          vaults_room_pool, layout_vaults_omnibox
Vaults:2: minmay_crypt_entry_necro_gods, vaults_room_ringed_pool,
          nicolae_vaults_big_ls, dpeg_vaults_monster_box,
          nicolae_vaults_quadrants, vaults_room_hallway, v_pattern_1,
          grunt_vaults_bifocal, hangedman_vaults_variations,
          vaults_room_corners, nicolae_vaults_yaktaur_gun_rack,
          vaults_room_semicircle, vaults_mumra_lcd,
          nicolae_vaults_little_squares_2, ontoclasm_vaults_ring_small,
          layout_vaults_big_cross, uniq_boris
Vaults:3: st_lattice, hangedman_vaults_stream, nicolae_vaults_little_squares_4,
          v_misc_15, v_misc_24, ontoclasm_vaults_decontamination,
          nicolae_vaults_diagonal_hallway_6, hangedman_vaults_locks,
          vaults_room_pool, vaults_standard_mumra_x, layout_vaults_big_room,
          serial_shops, shop, uniq_jory
Vaults:4: ebering_vaults_ghost_disaster_area, v_rooms_2, vaults_room_grid,
          nicolae_vaults_alarming, v_misc_11, vaults_room_pool,
          nicolae_vaults_mini_display_case, vaults_standard_mumra_lines,
          v_misc_9, serial_ice_h, layout_vaults_quadrants
Vaults:5: serial_shops
Crypt:1:  layout_basic, grunt_crypt_arrival_split, uniq_aizul
Crypt:2:  layout_misc_corridors, grunt_megastairs_2, uniq_donald, uniq_sojobo,
          uniq_mara
Crypt:3:  cryptofortress_bobbens
Depths:1: minmay_box_of_statues, layout_cave_pools, kennysheep_nondescript,
          grunt_pan_entry_zigzag, hell_entry, nicolae_two_hexagons,
          minmay_orc_keep
Depths:2: evilmike_iron_armoury, layout_cave_pools, lemuel_crystal_altar,
          pan_entry, hell_entry, kennysheep_generic_room_12, minmay_shop_grove
Depths:3: minmay_the_grid_square_5x5_4x4_mashed
          [minmay_the_grid_square_5x5_two_small, minmay_the_grid_square_5x5_c,
          minmay_the_grid_square_5x5_trominoes, minmay_the_grid_square_5x5_n,
          minmay_the_grid_square_5x5_spiral,
          minmay_the_grid_square_5x5_prize_itemx,
          minmay_the_grid_square_5x5_prize_pseudospiral,
          minmay_the_grid_square_5x5_two_walls_a,
          minmay_the_grid_square_5x5_fancy_junction,
          minmay_the_grid_square_5x5_prize_monsterx,
          minmay_the_grid_square_5x5_prize_junk, minmay_the_grid_square_5x5_two,
          minmay_the_grid_square_5x5_spiral_small,
          minmay_the_grid_square_5x5_tetrominoes,
          minmay_the_grid_square_5x5_shrine2,
          minmay_the_grid_square_5x5_detours], layout_basic, enter_ziggurat_f,
          kennysheep_big_empty_room, grunt_pan_entry_in_and_out, hell_entry,
          marbit_kobold_abyss_entry
Depths:4: grunt_runaround [grunt_runaround_doors_1, grunt_runaround_doors_2,
          grunt_runaround_doors_3, grunt_runaround_doors_4,
          grunt_runaround_loot], serial_shops, hell_entry, abyss_entry
Depths:5: grunt_bruiser_brothers, layout_basic, minmay_room_of_horrors,
          hell_entry, ashenzari_altar_1
Zot:1:    kennysheep_ambush_hall, layout_onion_interference
Zot:2:    layout_misc_corridors
Zot:3:    grunt_zot_stairs_overgrown, layout_twisted_circle
Zot:4:    layout_cellular_growth, st_single_dragon_hoard_2
Zot:5:    layout_misc_corridors, gammafunk_ghost_berserking_beasts,
          nicolae_lava_and_water, grunt_ministairs_14, bh_zot_lava_cross,
          nrook_zot_tub

Skill      XL: |  1  2  3  4  5  6  7  8  9 10 11 12 13 14 15 16 17 18 19 20 21 22 23 24 25 26 27 |
---------------+----------------------------------------------------------------------------------+-----
Armour         | 1 2 3 4 5 8 9 10 11 12 13 15 16 18 20 21 22 24 25 27 | 27.0
Short Blades   | 3 4 5 6 |  6.0
Fighting       | 3 4 6 8 11 13 14 15 16 17 18 19 20 21 23 25 26 27 | 27.0
Invocations    | 1 2 4 6 8 9 12 13 14 15 18 | 18.1
Long Blades    | 4 7 10 12 14 16 19 20 21 22 23 24 | 24.7
Dodging        | 2 9 10 15 17 18 19 20 21 22 24 | 24.2
Evocations     | 2 4 6 8 10 | 10.0
Throwing       | 4 5 9 12 14 15 16 | 16.2
Translocations | 1 2 6 8 |  8.0
Air Magic      | 1 2 3 |  3.0
Charms         | 1 2 5 |  5.4
Spellcasting   | 1 2 4 6 |  6.4
Stealth        | 5 |  5.0

Action                   |  1- 3 |  4- 6 |  7- 9 | 10-12 | 13-15 | 16-18 | 19-21 | 22-24 | 25-27 || total
-------------------------+-------+-------+-------+-------+-------+-------+-------+-------+-------++-------
Melee: Dagger            |   127 |    20 |       |       |       |       |       |       |       ||   147
       Headbutt          |    13 |    30 |    92 |   147 |   308 |   381 |   482 |   499 |  1154 ||  3106
       Short sword       |       |   152 |   402 |   309 |    12 |       |       |       |       ||   875
       Punch             |       |       |     3 |     4 |     1 |       |       |       |       ||     8
       Great sword       |       |       |       |   272 |   912 |  1260 |  1283 |  1249 |   593 ||  5569
       Scimitar          |       |       |       |       |    21 |    41 |       |       |       ||    62
       Triple sword      |       |       |       |       |       |       |       |       |  1899 ||  1899
Throw: Dart              |     5 |    32 |    83 |    59 |    53 |     1 |       |     4 |     1 ||   238
       Boomerang         |       |       |    17 |    13 |    78 |    34 |   194 |     1 |       ||   337
       Javelin           |       |       |       |       |     5 |    14 |   174 |   264 |   157 ||   614
 Cast: Shroud of Golubri |       |       |       |       |       |       |       |     1 |     1 ||     2
       Blink             |       |       |       |       |       |       |       |       |     1 ||     1
Invok: Heroism           |       |     1 |    14 |    30 |    33 |    14 |    10 |     8 |     4 ||   114
       Finesse           |       |       |       |     4 |     9 |     5 |     5 |     5 |     4 ||    32
       Divine Shield     |       |       |       |       |       |       |       |       |    15 ||    15
       Cleansing Flame   |       |       |       |       |       |       |       |       |     1 ||     1
Evoke: Wand              |       |       |       |     2 |    11 |     3 |     6 |     9 |    15 ||    46
       Phantom mirror    |       |       |       |       |       |     1 |       |       |       ||     1
       Box of beasts     |       |       |       |       |       |       |       |       |     1 ||     1
  Use: Scroll            |     4 |     7 |     3 |    12 |    12 |    20 |    10 |    13 |    33 ||   114
       Potion            |       |       |     1 |     2 |     1 |     7 |     1 |     1 |     7 ||    20
 Stab: Sleeping          |     6 |     9 |     3 |     1 |       |       |       |     1 |       ||    20
       Distracted        |       |       |     1 |       |       |       |       |     3 |     5 ||     9
       Confused          |       |       |       |       |     3 |     3 |       |       |       ||     6
       Invisible         |       |       |       |       |     2 |       |       |       |       ||     2
       Held in net/web   |       |       |       |       |       |       |     2 |       |       ||     2
  Eat: Chunk             |     3 |     8 |    12 |    22 |    28 |    23 |    37 |    20 |    23 ||   176
       Ration            |       |       |     3 |       |     3 |     4 |     7 |     7 |    16 ||    40
Armor: Robe              |    32 |    11 |       |       |       |       |       |       |       ||    43
       Leather armour    |       |    21 |    26 |       |       |       |       |       |       ||    47
       Ring mail         |       |       |    13 |       |       |       |       |       |       ||    13
       Chain mail        |       |       |    30 |     9 |   456 |   150 |       |       |       ||   645
       Scale mail        |       |       |    20 |   181 |       |       |       |       |       ||   201
       Plate armour      |       |       |       |       |       |   583 |   446 |    45 |       ||  1074
       Ice dragon scales |       |       |       |       |       |       |       |   350 |   793 ||  1143
Dodge: Dodged            |    74 |    63 |   139 |   217 |   648 |   559 |   769 |  1188 |  2512 ||  6169
Block: Other             |       |       |       |       |       |       |       |       |   243 ||   243
       Rpst.: Great sword |       |       |       |    35 |   130 |   101 |   137 |   215 |   103 ||   721
       Scimitar          |       |       |       |       |       |     7 |       |       |       ||     7
       Triple sword      |       |       |       |       |       |       |       |       |   363 ||   363
